 Dungeon Sprint DCSS version 0.31-a0-152-g6aa68a64a1 (webtiles) character file.

Game seed: 14716462368848736879

148 Conn the Firebug (level 5, -2/31 HPs)
             Began as an Octopode Fire Elementalist on June 11, 2023.
             Succumbed to a water moccasin's poison
             ... in the Dungeon (Sprint II: "The Violet Keep of Menkaure").
             The game lasted 00:00:55 (47 turns).

Conn the Firebug (Octopode Fire Elementalist)         Turns: 47, Time: 00:00:55

Health: -2/31      AC:  1    Str:  7    XL:     5   Next: 30%
Magic:  1/12       EV: 14    Int: 20    God:
Gold:   243        SH:  0    Dex: 12    Spells: 13/14 levels left

rFire   . .          .
                       - Unarmed
rCold   . . .        (no shield)
rNeg    . . .        (helmet restricted)
rPois   .            (no amulet)
rElec   .            (no ring)
rCorr   .            (no ring)
SInv    .            (no ring)
Will    .....        (no ring)
Stlth   +++++        (no ring)
HPRegen 0.25/turn    (no ring)
MPRegen 0.13/turn    (no ring)
                     (no ring)

%: no teleportation
@: lethally poisoned (-2 -> -24), on berserk cooldown, slowed, very slow
A: almost no armour, amphibious, 8 rings, camouflage 1, gelatinous body 1,
nimble swimmer 1, tentacles
a: no special abilities


You were in the Dungeon.
You visited 1 branch You collected 243 gold pieces.

Inventory:

Scrolls
 f - a scroll of blinking
Potions
 a - 3 potions of magic
 b - a potion of curing
 c - a potion of heal wounds


   Skills:
 + Level 3.7 Dodging
 + Level 4.6 Stealth
 + Level 1.1 Unarmed Combat
 * Level 5.2 Spellcasting
 * Level 4.0 Conjurations
 + Level 7.0 Fire Magic


You had 13 spell levels left.
You knew the following spells:

 Your Spells              Type           Power      Damage    Failure   Level
a - Foxfire               Conj/Fire      100%       2x1d9     1%          1

Your spell library contained the following spells:

 Spells                   Type           Power      Damage    Failure   Level
 Scorch                   Fire           66%        2d8       1%          2
 Inner Flame              Hex/Fire       19%        N/A       9%          3
 Volatile Blastmotes      Fire/Tloc      38%        2d13      9%          3
 Flame Wave               Conj/Fire      27%        2d9       12%         4


Dungeon Overview and Level Annotations

Branches:
Dungeon (1/1)

Altars:

Shops:
D :(=![!!=[*!*=

Annotations:
D exclusion: oklob plant


Innate Abilities, Weirdness & Mutations

You cannot wear most types of armour.
You are amphibious.
You can wear up to eight rings at the same time.
Your skin changes colour to match your surroundings (Stealth+).
Your rubbery body absorbs attacks. (AC +1, EV +1)
You are camouflaged when in or above water. (Stealth+)
You have tentacles for arms and can constrict up to eight enemies at once.


Message History

The worm is almost dead.
The worm bites you.
Unknown command.
You tentacle-slap the worm. You squeeze the worm, but do no damage.
The worm is almost dead.
You constrict the worm.
You kill the worm!
Your Fire Magic skill increases to level 7!
You open the door.
Found a glass ring.
Found Esubb's Antique Armour Boutique.
A water moccasin comes into view.
Found 81 gold pieces.
Found Kemet's Antique Weapon Boutique and Rimon's Book Shop.
Marking area around an oklob plant as unsafe for travelling.
There is an open door here.
Casting: Foxfire (safe; 1% risk of failure)
Confirm with . or Enter, or press ? or * to list all spells.
You conjure some foxfire!
The cane toad gives a loud, deep croak!
The cane toad croaks.
Unknown command.
The foxfire hits the water moccasin.
The water moccasin is lightly wounded.
The water moccasin hisses angrily.
The foxfire hits the water moccasin.
The water moccasin is lightly wounded.
The water moccasin is engulfed in a cloud of scalding steam.
Casting: Foxfire (safe; 1% risk of failure)
Confirm with . or Enter, or press ? or * to list all spells.
You don't know that spell.
Casting: Foxfire (safe; 1% risk of failure)
Confirm with . or Enter, or press ? or * to list all spells.
You conjure some foxfire!
The water moccasin bites you!
* * * LOW HITPOINT WARNING * * *
You are lethally poisoned!
The water moccasin poisons you! The water moccasin bites you.
* * * LOW HITPOINT WARNING * * *
You are more poisoned.
The water moccasin poisons you!
You enter the shallow water.
You die...

########~~~...
.∩.....#~~~~.
∩.∩....#~~~~##
.∩.∩...#~~~ .#
..∩.∩..#~~### .##
...∩.⌠.#~##.###+#
..∩.∩..#S#...##.##
.∩....v'~†##.'†<.+
∩.∩...v#@#.####.##
▓▓▓▓▓###~##.# #+#
JF######~~ ## $#.
JF ##~~ l# #l P
+#~## ## ~~ ~~ ++


You could see a cane toad and a water moccasin (ally target).

Vanquished Creatures
  A neqoxec (D)
  3 worms (D)
4 creatures vanquished.

Vanquished Creatures (others)
  11 foxfires (D)
11 creatures vanquished.

Grand Total: 15 creatures vanquished

Notes
Turn   | Place    | Note
-------+----------+-------------------------------------------
     0 | D        | Conn the Octopode Fire Elementalist began the quest for the
                  | Orb.
     0 | D        | Reached XP level 1. HP: 11/11 MP: 3/3
     4 | D        | Noticed a wyvern
     4 | D        | Noticed a wyvern
     8 | D        | Noticed a neqoxec
    15 | D        | Killed a neqoxec
    16 | D        | Reached skill level 1 in Unarmed Combat
    16 | D        | Reached skill level 5 in Spellcasting
    16 | D        | Reached skill level 6 in Fire Magic
    16 | D        | Reached XP level 2. HP: 9/17 MP: 4/8
    16 | D        | Reached XP level 3. HP: 12/21 MP: 4/9
    16 | D        | Reached XP level 4. HP: 15/27 MP: 4/11
    16 | D        | Reached XP level 5. HP: 17/31 MP: 4/12
    36 | D        | Found Kuluxier's Jewellery Shop.
    36 | D        | Found Zuwovif's Antique Armour Shop.
    36 | D        | Found Ojylul's Jewellery Boutique.
    36 | D        | Found Nafi's Distillery.
    36 | D        | Found Ycwiymai's Assorted Antiques.
    36 | D        | Found Heosuasau's Distillery.
    36 | D        | Found Jichucum's General Store.
    36 | D        | Found Ohoprathroh's Distillery.
    37 | D        | Found Odiune's Distillery.
    37 | D        | Found Numpouso's Jewellery Shop.
    37 | D        | Noticed a cane toad
    41 | D        | Reached skill level 7 in Fire Magic
    41 | D        | Found Esubb's Antique Armour Boutique.
    42 | D        | Found Kemet's Antique Weapon Boutique.
    42 | D        | Found Rimon's Book Shop.
    42 | D        | Noticed a water moccasin
    42 | D        | Noticed a cane toad
    42 | D        | Noticed an oklob plant
    43 | D        | Noticed a slime creature
    45 | D        | Noticed a slime creature
    45 | D        | Noticed a slime creature
    47 | D        | Succumbed to a water moccasin's poison

Illustrated notes

Levels and vault maps discovered:
D:        the_violet_keep_of_menkaure [sprint2_stairs_cluster_1,
          sprint2_shoproom, sprint2_temple, sprint2_basic_supplies,
          sprint2_obstacle_7, sprint2_obstacle_3, sprint2_obstacle_1,
          sprint2_obstacle_4, sprint2_obstacle_6, sprint2_timed_cluster_1,
          sprint2_smallroom_cluster_1, sprint2_smallroom_final_cluster_1,
          sprint2_transparent_cluster_1, sprint2_second_timed_cluster_1,
          sprint2_sniper_area_1, sprint2_heavy_combat_area_1,
          sprint2_mutation_trap_area_1, sprint2_forest_area_1,
          sprint2_light_combat_area_1, sprint2_behind_water_1,
          sprint2_near_end_vault_1]

Skill      XL: |  1  2  3  4  5 |
---------------+----------------+-----
Dodging        | 3 |  3.7
Stealth        | 4 |  4.6
Unarmed Combat | 1 |  1.1
Spellcasting   | 5 |  5.2
Conjurations   | 3 4 |  4.0
Fire Magic     | 6 7 |  7.0

Action                     |  1- 3 |  4- 6 || total
---------------------------+-------+-------++-------
  Melee: Unarmed           |     4 |     7 ||    11
         Tentacles         |     1 |     3 ||     4
         Constrict         |     1 |     2 ||     3
   Cast: Foxfire           |       |     7 ||     7
    Use: Potion            |     2 |       ||     2
 Armour: Skin              |     1 |       ||     1
  Dodge: Dodged            |       |     3 ||     3

Table legend: (Time is in decaauts)
 A = Elapsed time spent in this place.
 B = Non-inter-level travel time spent in this place.
 C = Inter-level travel time spent in this place.
 D = Time resting spent in this place.
 E = Time spent auto-exploring this place.
 F = Levels seen in this place.
 G = Mean time per level.
                   A        B        C        D        E       F      G
               +--------+--------+--------+--------+--------+-----+--------+
         Total |     48 |     48 |      0 |      0 |      0 |   1 |   48.0 |
       Dungeon |     48 |     48 |      0 |      0 |      0 |   1 |   48.0 |
               +--------+--------+--------+--------+--------+-----+--------+

Top non-repeatable levels by time:
       D: 48 daAuts
